Cogmind - Beta 12 @@@ ROGUE MODE // 2023.03.05 @ 18:42:43 Player: Momo Result: Self-destructed Performance ------------- Evolutions (2) 1000 Regions Visited (5) 1000 Robots Destroyed (8) 40 Value Destroyed (251) 251 Prototype IDs (4) 80 Alien Tech Used (0) 0 Bonus (300) 300 TOTAL SCORE: 2671 Bonus ------- Aligned with FarCom 300 Cogmind --------- Core Integrity 10/550 Matter 268/450 Energy 99/100 System Corruption 0% Temperature Cool (0) Movement Core (50) Location -8/Materials Parts ------- > --- POWER (1) -------- (None) > --- PROPULSION (4) --- (None) > --- UTILITY (4) ------ Large Matter Pod > --- WEAPON (2) ------- (None) > --- INVENTORY (5) ---- Flying Fortress v7 Improved Signal Interpreter Peak State ------------ > --- POWER ------------ (None) > --- PROPULSION ------- (None) > --- UTILITY ---------- Small Storage Unit Large Matter Pod Melee Analysis Suite > --- WEAPON ----------- Minigun Makeshift Sword > --- INVENTORY -------- Flying Fortress v7 Improved Signal Interpreter Supersonic Drone Bay PSU Rigger [Rating: 17] Favorites ----------- Power Ion Engine Engine Ion Engine Propulsion Light Treads Treads Light Treads Wheel Wheel Utility Small Storage Unit Device Supersonic Drone Bay Storage Small Storage Unit Processor Melee Analysis Suite Weapon Assault Rifle Ballistic Gun Assault Rifle Slashing Weapon Makeshift Sword Build | -11 -10 -10 -10 -9 -8 ------- Run | Jun Mat Min Exi Min Mat Slots Evolved 4 | . . . . . 4 Power . | . . . . . . Propulsion 2 | . . . . . 2 Utility 2 | . . . . . 2 Weapon . | . . . . . . Parts Attached 17 | 6 . . 5 . 6 Power 1 | 1 . . . . . Engine 1 | 1 . . . . . Core . | . . . . . . Reactor . | . . . . . . Propulsion 3 | 2 . . 1 . . Treads 1 | . . . 1 . . Leg . | . . . . . . Wheel 2 | 2 . . . . . Hover . | . . . . . . Flight . | . . . . . . Utility 7 | 1 . . 4 . 2 Device 3 | . . . 3 . . Storage 3 | 1 . . 1 . 1 Processor 1 | . . . . . 1 Hackware . | . . . . . . Protection . | . . . . . . Artifact . | . . . . . . Weapon 6 | 2 . . . . 4 Energy Gun . | . . . . . . Energy Cannon . | . . . . . . Ballistic Gun 5 | 2 . . . . 3 Ballistic Cannon . | . . . . . . Launcher . | . . . . . . Special Weapon . | . . . . . . Impact Weapon . | . . . . . . Slashing Weapon 1 | . . . . . 1 Piercing Weapon . | . . . . . . Special Melee Weapon . | . . . . . . Unidentified Prototypes 2 | . . . 2 . . Parts Lost 10 | . . 5 . . 5 Power 1 | . . 1 . . . Propulsion 3 | . . 2 . . 1 Utility 2 | . . . . . 2 Weapon 4 | . . 2 . . 2 Highest Loss Streak 5 | . . 5 . . 3 To Critical Strikes . | . . . . . . Average Slot Usage (%) 40 | . 85 64 30 28 30 Engine 2 | . 14 10 . . . Treads 7 | . . . 11 14 5 Wheel 5 | . 28 21 . . . Device 2 | . . . 6 . . Storage 12 | . 14 10 11 14 15 Ballistic Gun 6 | . 28 21 . . 2 Naked Turns 111 | . . 42 69 . . Heaviest Build 13 | 13 13 13 6 5 11 Greatest Support 26 | 26 26 26 20 20 20 Greatest Overweight (x) 3 | . . . . . 3 Average Overweight (x) . | . . . . . . Largest Inventory Capacity 8 | 8 8 8 8 8 8 Average Capacity 7 | 7 8 7 7 8 7 Most Carried 8 | 4 1 3 8 8 8 Average Carried 5 | 1 1 1 6 8 7 Final Capacity 8 | 8 8 5 8 8 5 Final Carried 8 | 1 1 3 8 8 5 Class Distribution -------------------- 100% | Mutant Dominant Class ---------------- Mutant | -10/Materials Mutant | -10/Mines Mutant | -10/Exiles Mutant | -9/Mines Mutant | -8/Materials Resources | -11 -10 -10 -10 -9 -8 ----------- Run | Jun Mat Min Exi Min Mat Matter Collected 357 | 239 . 49 50 . 19 Remotely . | . . . . . . Salvage Created 272 | . . 79 . . 193 Parts 18 | . . 1 . . 17 Haulers Intercepted . | . . . . . . Recyclers Shooed 2 | . . . . . 2 Parts Field Recycled . | . . . . . . Retrieved Matter . | . . . . . . Parts Self-Destructed . | . . . . . . Prevented . | . . . . . . Kills | -11 -10 -10 -10 -9 -8 ------- Run | Jun Mat Min Exi Min Mat Combat Hostiles Destroyed 7 | . . 2 . . 5 Melee 2 | . . . . . 2 Guns 5 | . . 2 . . 3 Classes Destroyed 4 | . . 1 . . 3 Worker 1 | . . . . . 1 Swarmer 2 | . . . . . 2 Grunt 4 | . . 2 . . 2 Hunter 1 | . . . . . 1 Best Kill Streak 5 | . . 2 . . 5 Combat Bots Only 4 | . . 2 . . 4 Max Kills in Single Turn 1 | . . 1 . . 1 Gunslinging . | . . . . . . Exploded . | . . . . . . Melee 1 | . . . . . 1 Uniques/NPCs Destroyed . | . . . . . . Combat | -11 -10 -10 -10 -9 -8 -------- Run | Jun Mat Min Exi Min Mat Damage Taken 1615 | . 32 421 . . 1162 Core 674 | . 10 124 . . 540 Absorbed by Shields . | . . . . . . Core Remaining (%) 73 | 100 . . . 46 . Volleys Fired 39 | . . 10 . . 29 Largest 2 | . . 2 . . 1 Hottest 40 | . . 40 . . 25 Shots Fired 49 | . . 20 . . 29 Gun 49 | . . 20 . . 29 Cannon . | . . . . . . Launcher . | . . . . . . Special . | . . . . . . Kinetic 49 | . . 20 . . 29 Thermal . | . . . . . . Explosive . | . . . . . . Electromagnetic . | . . . . . . Robot Hit Streak 10 | . . 6 . . 10 Robot Miss Streak 3 | . . 2 . . 3 Penetration Max . | . . . . . . Secondary Targets . | . . . . . . Shots Hit Robots 39 | . . 14 . . 25 Core Hits 17 | . . 6 . . 11 Critical Kills . | . . . . . . Critical Parts Destroyed 1 | . . . . . 1 Critical Strikes 1 | . . . . . 1 Destroy 1 | . . . . . 1 Melee Attacks 7 | . . . . . 7 Impact . | . . . . . . Slashing 7 | . . . . . 7 Piercing . | . . . . . . Sneak Attacks . | . . . . . . Combat Hostiles . | . . . . . . Follow-up Attacks . | . . . . . . Damage Inflicted 642 | . . 154 . . 488 Guns 533 | . . 154 . . 379 Cannons . | . . . . . . Explosions . | . . . . . . Melee 109 | . . . . . 109 Ramming . | . . . . . . Kinetic 533 | . . 154 . . 379 Thermal . | . . . . . . Explosive . | . . . . . . Electromagnetic . | . . . . . . Impact . | . . . . . . Slashing 109 | . . . . . 109 Piercing . | . . . . . . Highest Corruption . | . . . . . . Average Corruption . | . . . . . . Corruption Purged . | . . . . . . Corruption Blocked . | . . . . . . Overload Shots . | . . . . . . Overflow Damage . | . . . . . . Projectiles . | . . . . . . Explosions . | . . . . . . Melee . | . . . . . . Knockbacks . | . . . . . . Impact . | . . . . . . Kinetic . | . . . . . . Secondary . | . . . . . . Self-Inflicted Damage . | . . . . . . Shots . | . . . . . . Rammed . | . . . . . . Targets Rammed . | . . . . . . Kicked . | . . . . . . Crushed . | . . . . . . Highest Temperature 21 | . . 15 . . 21 Average Temperature 8 | . . 8 . . 8 Received Heat Transfer 309 | . 18 48 . . 243 Siege Activations . | . . . . . . Robots Corrupted . | . . . . . . Combat Hostiles . | . . . . . . Parts Fried . | . . . . . . Impact Corruptions . | . . . . . . Robots Melted . | . . . . . . Combat Hostiles . | . . . . . . Parts Melted . | . . . . . . Heat Transferred . | . . . . . . Parts Sabotaged . | . . . . . . Parts Stolen . | . . . . . . Parts Stripped . | . . . . . . Power Chain Reactions . | . . . . . . Missiles Intercepted . | . . . . . . Alert | -11 -10 -10 -10 -9 -8 ------- Run | Jun Mat Min Exi Min Mat Peak Influence 115 | . 42 66 . . 115 Initial 16 | . . 16 . . . Average 31 | . 9 55 . . 42 Maximum Alert Level . | . . . . . . Low Security (%) 100 | 100 100 100 . 100 100 Level 1 . | . . . . . . Level 2 . | . . . . . . Level 3 . | . . . . . . Level 4 . | . . . . . . Level 5 . | . . . . . . High Security . | . . . . . . Max Security . | . . . . . . Squads Dispatched 1 | . 1 . . . . Investigation . | . . . . . . Extermination . | . . . . . . Reinforcement 1 | . 1 . . . . Assault . | . . . . . . Garrison . | . . . . . . Intercept . | . . . . . . Searches Triggered . | . . . . . . Construction Impeded . | . . . . . . Haulers Reinforced . | . . . . . . Active Scanning Responses . | . . . . . . Cargo Convoy Interrupts . | . . . . . . Stealth | -11 -10 -10 -10 -9 -8 --------- Run | Jun Mat Min Exi Min Mat Distress Signals 4 | . . . . . 4 Communications Jammed . | . . . . . . Distress Signals . | . . . . . . Times Spotted 23 | . 5 4 . . 14 Peak Tracking Total 8 | . 5 2 . . 8 Tactical Retreats 1 | . . 1 . . . Traps | -11 -10 -10 -10 -9 -8 ------- Run | Jun Mat Min Exi Min Mat Traps Triggered . | . . . . . . Indirectly . | . . . . . . Trap Hack Attempts . | . . . . . . Triggered . | . . . . . . Disarmed . | . . . . . . Reprogrammed . | . . . . . . Reused . | . . . . . . Traps Extracted . | . . . . . . Installed . | . . . . . . Triggered . | . . . . . . Machines | -11 -10 -10 -10 -9 -8 ---------- Run | Jun Mat Min Exi Min Mat Machines Disabled . | . . . . . . Max in Single Turn . | . . . . . . Machines Repaired . | . . . . . . Machines Sabotaged . | . . . . . . Overloaded Fab Kills . | . . . . . . Hacking | -11 -10 -10 -10 -9 -8 --------- Run | Jun Mat Min Exi Min Mat Machines Accessed 3 | . 3 . . . . Terminals 3 | . 3 . . . . Fabricators . | . . . . . . Repair Stations . | . . . . . . Recycling Units . | . . . . . . Scanalyzers . | . . . . . . Garrison Access . | . . . . . . Total Hacks 10 | . 10 . . . . Successful 4 | . 4 . . . . Failed 6 | . 6 . . . . Catastrophic 2 | . 2 . . . . Database Lockouts . | . . . . . . Manual 3 | . 2 . 1 . . Terminals 10 | . 10 . . . . Fabricators . | . . . . . . Repair Stations . | . . . . . . Recycling Units . | . . . . . . Scanalyzers . | . . . . . . Garrison Access . | . . . . . . Terminal Hacks 4 | . 4 . . . . Prototype ID Bank 1 | . 1 . . . . Branch Access Points 1 | . 1 . . . . Locate Traps 1 | . 1 . . . . Zone Layout 1 | . 1 . . . . Fabricator Hacks . | . . . . . . Repair Station Hacks . | . . . . . . Recycling Unit Hacks . | . . . . . . Scanalyzer . | . . . . . . Garrison Access Hacks . | . . . . . . Unauthorized Hacks . | . . . . . . Terminals . | . . . . . . Fabricators . | . . . . . . Repair Stations . | . . . . . . Recycling Units . | . . . . . . Scanalyzers . | . . . . . . Garrison Access . | . . . . . . Data Cores Recovered . | . . . . . . Used . | . . . . . . Hacking Detections 3 | . 3 . . . . Full Trace Events . | . . . . . . Feedback Events . | . . . . . . Feedback Blocked . | . . . . . . Robot Schematics Acquired . | . . . . . . Robots Built . | . . . . . . Authchips . | . . . . . . Time . | . . . . . . Total Robot Build Rating . | . . . . . . Part Schematics Acquired . | . . . . . . Parts Built . | . . . . . . Authchips . | . . . . . . Time . | . . . . . . Total Part Build Rating . | . . . . . . Parts Repaired . | . . . . . . Time . | . . . . . . Parts Recycled . | . . . . . . Recycled Matter . | . . . . . . Retrieved Matter . | . . . . . . Retrieved Components . | . . . . . . Parts Scanalyzed . | . . . . . . Part Schematics Acquired . | . . . . . . Parts Damaged . | . . . . . . Bothacking | -11 -10 -10 -10 -9 -8 ------------ Run | Jun Mat Min Exi Min Mat Used RIF Installer . | . . . . . . Robots Hacked . | . . . . . . Non-combat . | . . . . . . Combat . | . . . . . . Robot Hacks Applied . | . . . . . . Relay Couplers Released . | . . . . . . Fabnet Peak Effective % . | . . . . . . Robots Rewired . | . . . . . . Allies Hacked . | . . . . . . Hacks Repelled . | . . . . . . Allies | -11 -10 -10 -10 -9 -8 -------- Run | Jun Mat Min Exi Min Mat Total Allies . | . . . . . . Largest Group . | . . . . . . Highest-Rated Group . | . . . . . . Highest-Rated Ally . | . . . . . . Total Orders 2 | . . . 2 . . EXPLORE 1 | . . . 1 . . RETURN 1 | . . . 1 . . Ally Attacks . | . . . . . . Total Damage . | . . . . . . Kills . | . . . . . . Allies Corrupted . | . . . . . . Allies Melted . | . . . . . . Intel | -11 -10 -10 -10 -9 -8 ------- Run | Jun Mat Min Exi Min Mat Robot Analysis Total . | . . . . . . Derelict Logs Recovered . | . . . . . . Drone Launches 1 | . . . 1 . . Drone Recoveries 1 | . . . 1 . . Exploration | -11 -10 -10 -10 -9 -8 ------------- Run | Jun Mat Min Exi Min Mat Turns Passed 1057 | 59 50 210 431 129 178 Spaces Moved 855 | 57 56 238 355 78 71 Core 249 | 13 . 84 133 . 19 Treads 352 | . . . 222 78 52 Legs . | . . . . . . Wheels 254 | 44 56 154 . . . Hover . | . . . . . . Flight . | . . . . . . Fastest Speed 50 | 50 90 50 50 160 50 Average Speed 107 | 80 90 75 118 160 139 Slowest Speed 200 | 90 90 90 160 160 200 Overloaded Moves . | . . . . . . Propulsion Burnouts . | . . . . . . Robots Hopped . | . . . . . . Cave-ins Triggered . | . . . . . . Exploration Rate (%) 33 | 3 27 48 90 20 13 Regions Visited 5 Branch Regions 3 Pre-discovered Areas . | . . . . . . Known Exits Taken 1 | . 1 . . . . Unknown Exits Taken 4 | 1 . 1 1 1 . Scrap Searched 1 | . . 1 . . . Spaces Dug . | . . . . . . Terrain Destroyed . | . . . . . . Melee . | . . . . . . Projectile . | . . . . . . AOE . | . . . . . . Terrain Rammed . | . . . . . . Walls Destroyed . | . . . . . . Machines Disabled . | . . . . . . Actions | -11 -10 -10 -10 -9 -8 --------- Run | Jun Mat Min Exi Min Mat Total 939 | 69 55 249 365 82 119 Wait 6 | . . . 1 5 . Move 850 | 56 55 237 354 77 71 Hop . | . . . . . . Pick Up 12 | 7 . 1 2 . 2 Fast Attach 7 | . . . 2 . 5 Attach 10 | 6 . . 3 . 1 Detach 5 | . . 1 3 . 1 Swap . | . . . . . . Drop 3 | . . . . . 3 Fire 39 | . . 10 . . 29 Melee 7 | . . . . . 7 Ram . | . . . . . . Kick . | . . . . . . Crush . | . . . . . . Escape Stasis . | . . . . . . Rewire . | . . . . . . Trap . | . . . . . . Miscellaneous . | . . . . . . Route ------- -11/Junkyard -10/Materials (discovered 2 exits: *Min x2) -10/Mines (discovered 2 exits: [*Mat] / *Exi) -10/Exiles (discovered 2 exits: [*Min x2]) -9/Mines -8/Materials History --------- Turn | Location | Event 2 | -11/Junkyard | Discovered new exit (range 16) 60 | -11/Junkyard | Entered Materials 101 | -10/Materials | Identified exit to Mines 110 | -10/Materials | Entered Mines 173 | -10/Mines | Assembled infested the area 266 | -10/Mines | A weapon hastily lodged in a ceiling crevice suddenly fell to the ground 279 | -10/Mines | Core integrity fell below 50% 309 | -10/Mines | Lost 5 parts (1p2n2w) 310 | -10/Mines | Discovered new exit (range 8) 318 | -10/Mines | Build established: Mutant 318 | -10/Mines | Discovered new exit (range 5) 320 | -10/Mines | Entered Exiles 333 | -10/Exiles | Met 8R-AWN 341 | -10/Exiles | Met EX-HEX 360 | -10/Exiles | Met EX-BIN 365 | -10/Exiles | Aligned with FarCom system 366 | -10/Exiles | Given EX-Vault access code 378 | -10/Exiles | Opened EX-Vault 384 | -10/Exiles | Found Prototype Device 384 | -10/Exiles | Identified PSU Rigger 387 | -10/Exiles | Found Prototype Device 387 | -10/Exiles | Identified Supersonic Drone Bay 393 | -10/Exiles | Found Prototype Flight Unit 426 | -10/Exiles | Warned to stay clear of 0b10 Research branches 476 | -10/Exiles | Met EX-DEC 518 | -10/Exiles | Discovered new exit (range 31) 525 | -10/Exiles | Discovered new exit (range 94) 751 | -10/Exiles | Stole three prototypes: Supersonic Drone Bay, PSU Rigger, Flying Fortress v7 751 | -10/Exiles | Entered Mines 785 | -9/Mines | Discovered new exit (range 13) 880 | -9/Mines | Entered Materials 880 | -8/Materials | Evolved 4 slots: Propulsion x2, Utility x2 1001 | -8/Materials | Core integrity fell below 50% 1033 | -8/Materials | Core integrity fell below 20% 1048 | -8/Materials | Lost 3 parts (1n1u1w) 1058 | -8/Materials | Self-destructed Last Messages --------------- 01009_ K-01 Serf collects debris. 01011_ Penetrated by Slug. 01014_ K-01 Serf collects debris. 01014_ Penetrated by Slug. 01017_ Minigun destroyed. 01020_ Penetrated by Slug. 01020_ Acquired Minigun. 01026_ Slug penetrates R-06 Scavenger. 01029_ Penetrated by Slug. 01033_ H-55 Commando destroyed. 01036_ W-25 Informer sends out distress signal. 01036_ Critical hit (Burn: +37). 01040_ Y-45 Defender suffers critical hit (Destroy). 01040_ Destroyed Lgt. Treads. 01042_ Critical hit (Burn: +37). 01046_ R-06 Scavenger collects Assault Rifle. 01048_ Minigun destroyed. 01050_ R-06 Scavenger collects Targeting Computer. 01051_ Sml. Storage Unit destroyed. 01057_ Electrolysis Chamber disabled. Map ----- +----------------------------------------------------+ | ?????????????????????????????????????????????????? | | ?????????????????????????????????????????????????? | | ?????????????????????????????????????????????????? | | ?????????????????????????????????????????????????? | | ?????????????????????????????????????????????????? | | ?????????????????????????????????????????????????? | | ?????????????????????????????????????????????????? | | ?????????????????????????????????????????????????? | | ?????????????????????????????????????????????????? | | ?????????????????????????????????????????????????? | | ???????????????????????????????? ?????????????? | | ??????????????????????????????# ?????????????? | | ??????????????????????????????# #????????????? | | ??????????????????????????????# #????????????? | | ??????????????????????????????# #????????????? | | ??????????????????????????????#k #????????????? | | ????????????????????########### #????????????? | | ??????????????????? #????????????? | | ?????????????????? #????????????? | | ????????????????? = +????????????? | | ?????????????????? [% #????????????? | | ?????????????????? a #????????????? | | ???????????????????#t ############## | | ???????????????????# """ """ % | | ???????????????????# """ """ % | | ???????????????????# """@ """ | | ???????????????????# r######+######+ | | ???????????????????#a =% #???# ## | | ???????????????????# """ """ ! #???# ## | | ???????????????????# """ """ #???# ## | | ???????????????????# "" g""" #???# ##[ | | ???????????????????# g % = #???# ## | | ???????????????????+ !![*%!#???#"" ##[ | | ???????????????????# """ "" % ** #???#"Y ##### | | ???????????????????# """ """ ! #???#"" #???? | | ???????????????????# """ g" #???# #???? | | ?????????????????? Y #???######???? | | ????????????????? #????????????? | | ???????????????? #######????????????? | | ????????????????##?#^ w#??????????????????? | | ???????????????????# ^ ! "??????????????????? | | ???????????????????# T"?????????????????? | | ???????????????????# "??????????????????? | | ???????????????????# "T" #??????????????????? | | ???????????????????# #??????????????????? | | ???????????????????? #??????????????????? | | ??????????????????????###?? ???????????????????? | | ?????????????????????????????????????????????????? | | ?????????????????????????????????????????????????? | | ?????????????????????????????????????????????????? | +----------------------------------------------------+ Best States ------------- Heat Dissipation 31 Energy Generation 10 Energy Capacity 250 Matter Stores 389 Matter Capacity 450 Sight Range 16 Terrain Scan Density 10 Evasion (%) 50 Melee Accuracy 5 Recoil Reduction 1 Item Schematics ----------------- None Robot Schematics ------------------ None Fabricated ------------ Nothing Alien Tech Used ----------------- None Achievements -------------- None Challenges ------------ None Game ------ Seed PointyDroneMeganuke Manual? 0 Play Time 00:17:58 Cumulative 386.1 hours Start 2023.03.05 @ 14:27:04 End 2023.03.05 @ 18:42:43 Sessions 2 Manual Loads 0 Difficulty Rogue Special Mode None Game No. 182 Rogue 178 Adventurer 0 Explorer 4 Win Type - Total 22 Types 7/1/2/4/1/2/3/1/1 Lore% 84 Gallery% 87 Achievement% 79 Wizard Run 0 Options --------- ASCII 0 Keyboard 0 Movement Mouse Keybinds 0 Fullscreen 0 Font 16/SmallcapsGlow Map View 76x50 Tactical HUD 1 Map Filters NONE Filters NONE Steam 1 RUN: 7fb95967-9e9b-47d6-b008-26f151fd05c6